Map: Chantier naval orbital

Players

lukili

  • Race: Protoss Protoss
  • Spawn Location: 1:00

zidar - Winner!

  • Race: Zerg Zerg
  • League: Silver
  • Spawn Location: 7:00

VOD

Have the link to the VOD?

Description

Time

  • Played on: Nov. 22, 2015, 10:54 a.m.
  • Length: 15:41
Show
View Real Time Build Order
Export as new Build Order

lukili Protoss 

Build Orders:  

Get SALT Encoding   

  12  0:01  Probe (Chrono Boost)  
  13  0:11  Probe (Chrono Boost)  
  14  0:18  Pylon  
  14  0:23  Probe (Chrono Boost)  
  15  0:37  Probe (Chrono Boost)  
  16  0:47  Probe (Chrono Boost)  
  16  0:48  Gateway  
  17  0:58  Probe (Chrono Boost)  
  18  1:08  Probe (Chrono Boost)  
  19  1:15  Assimilator, Pylon  
  19  1:19  Probe (Chrono Boost)  
  19  1:20  Pylon  
  20  1:29  Probe (Chrono Boost)  
  21  1:40  Cybernetics Core  
  21  1:41  Gateway  
  21  1:48  Pylon  
  21  1:49  Pylon  
  21  1:52  Zealot  
  21  1:53  Probe (Chrono Boost)  
  24  2:03  Assimilator  
  24  2:04  Probe (Chrono Boost)  
  25  2:33  Probe  
  25  2:42  Adept  
  25  2:43  Adept  
  29  2:58  Nexus  
  29  3:03  Pylon  
  29  3:06  Gateway  
  29  3:22  Warp Gate (Chrono Boost)  
  29  3:31  Zealot x2  
  33  3:39  Stargate  
  33  3:42  Pylon  
  29  4:20  Stalker  
  29  4:21  Stalker x2  
  29  4:23  Oracle (Chrono Boost)  
  39  4:30  Probe  
  38  4:36  Probe  
  40  4:41  Probe  
  40  4:42  Assimilator  
  41  4:48  Probe  
  41  4:52  Probe, Gateway  
  43  5:00  Probe  
  43  5:02  Probe  
  45  5:13  Probe x2  
  50  5:14  Void Ray (Chrono Boost)  
  41  5:25  Zealot  
  41  5:26  Zealot x2  
  43  5:47  Zealot  
  43  5:48  Zealot x2  
  32  6:12  Probe  
  26  6:19  Mothership Core  
  26  6:20  Zealot  
  26  6:21  Zealot x2  
  26  6:24  Probe  
  32  6:27  Void Ray  
  32  6:37  Probe  
  31  6:49  Probe  
  31  6:52  Pylon  
  32  6:56  Pylon  
  32  7:01  Probe  
  33  7:02  Probe  
  34  7:09  Void Ray  
  34  7:13  Probe  
  34  7:14  Probe  
  34  7:15  Pylon  
  40  7:25  Probe  
  36  7:37  Probe  
  31  7:44  Zealot  
  31  7:45  Zealot x2  
  37  8:06  Zealot x2  
  41  8:17  Probe  
  42  8:20  Probe  
  43  8:29  Probe  
  43  8:31  Pylon  
  44  8:41  Probe  
  44  8:48  Stalker  
  47  8:52  Zealot  
  49  9:03  Probe (Chrono Boost)  
  49  9:09  Probe (Chrono Boost)  
  51  9:14  Probe (Chrono Boost)  
  52  9:25  Probe (Chrono Boost), Zealot  
  45  9:35  Probe (Chrono Boost)  
  45  9:37  Stalker  
  42  9:39  Zealot  
  42  9:46  Probe (Chrono Boost)  
  41  9:56  Probe (Chrono Boost)  
  33  10:09  Zealot  
  33  10:10  Zealot x3  
  35  10:36  Zealot  
  35  10:37  Zealot  
  31  11:17  Sentry  
  31  11:18  Zealot x3  
  39  11:43  Zealot  
  39  11:44  Zealot  
  43  11:55  Probe (Chrono Boost)  
  42  12:05  Probe (Chrono Boost)  
  43  12:19  Stalker  
  43  12:21  Sentry  
  47  12:23  Sentry  
  47  12:28  Sentry  
  45  12:54  Zealot x2  
  49  13:01  Probe (Chrono Boost)  
  49  13:03  Probe (Chrono Boost)  
  51  13:11  Probe (Chrono Boost)  
  52  13:14  Zealot  
  42  13:51  Zealot x3  
  42  13:52  Zealot  
  34  14:07  Void Ray  
  38  14:12  Sentry  
  38  14:13  Sentry  
  42  14:20  Probe (Chrono Boost)  
  43  14:25  Probe (Chrono Boost)  
  43  14:30  Probe (Chrono Boost)  
  45  14:37  Mothership Core (Chrono Boost)  
  47  14:41  Probe (Chrono Boost)  
  47  14:44  Zealot  
  50  14:58  Stalker  
  52  15:01  Stalker  
  54  15:13  Sentry  
  42  15:28  Zealot x3  
Show
View Real Time Build Order
Export as new Build Order

zidar Zerg - Winner!

Build Orders: Pool First 

Get SALT Encoding   

  12  0:02  Drone  
  13  0:12  Overlord  
  13  0:17  Drone  
  14  0:30  Drone x2  
  16  0:36  Drone  
  17  0:50  Spawning Pool  
  17  0:51  Drone  
  17  0:56  Drone  
  18  1:07  Drone  
  19  1:35  Hatchery  
  18  1:43  Extractor  
  18  1:44  Queen  
  18  1:46  Overlord  
  19  1:56  Zergling x2  
  19  1:57  Zergling x2  
  21  2:11  Zergling x4  
  22  2:47  Queen  
  24  3:01  Roach Warren, Zergling x16  
  24  3:05  Metabolic Boost  
  31  3:11  Extractor  
  31  3:12  Drone  
  31  3:32  Drone x5  
  36  3:35  Overlord  
  36  4:01  Roach x4  
  42  4:19  Drone x2  
  42  4:22  Overlord  
  42  4:23  Overlord  
  44  4:40  Roach x3  
  44  4:41  Roach  
  52  5:06  Roach  
  52  5:07  Roach x3  
  60  5:12  Overlord  
  60  5:16  Overlord  
  60  5:26  Lair  
  45  6:04  Spore Crawler  
  41  6:11  Spore Crawler  
  26  6:38  Queen  
  26  6:39  Queen  
  28  6:46  Zergling x2  
  28  6:47  Zergling x22  
  39  7:16  Hydralisk Den  
  26  8:02  Overseer  
  26  8:10  Hydralisk  
  26  8:11  Hydralisk x8  
  44  8:15  Zergling x2  
  44  8:17  Zergling x2  
  44  8:19  Zergling x2  
  47  8:23  Zergling x2  
  48  8:46  Hydralisk  
  48  8:47  Hydralisk x2  
  54  8:56  Drone  
  54  8:57  Drone  
  56  9:07  Drone x3  
  21  11:17  Zergling x2  
  21  11:18  Zergling x14  
  29  11:52  Roach  
  29  11:53  Roach x2  
  35  12:23  Hatchery  
  35  12:24  Drone  
  35  12:25  Drone  
  36  12:32  Hatchery  
  36  12:34  Hydralisk  
  28  12:54  Roach x2  
  32  12:58  Roach  
  32  12:59  Roach x2  
  32  13:01  Roach  
  40  13:22  Roach  
  42  13:28  Hydralisk x4  
  38  14:08  Hydralisk  
  38  14:09  Hydralisk x4  
  48  14:26  Hydralisk  
  50  14:38  Drone  
  50  14:41  Drone  
  50  14:43  Drone  
  53  14:56  Roach x6  
Tags
 
Add a new tag
Caveats
  • Supply blocks, unpowered buildings, or Contaminate may cause inaccurate times.
  • Supply counts are checked every 10 seconds.